 Dungeon Crawl Stone Soup version 0.29.1-1-gd02db6906a (webtiles) character file.

Game seed: 15043888355092009105

16 virigoth the Cutter (level 2, 0/22 HPs)
             Began as a Demonspawn Gladiator on Sept 20, 2022.
             Slain by a goblin
             ... wielding a +0 mace
              (2 damage)
             ... on level 1 of the Dungeon.
             The game lasted 00:02:13 (781 turns).

virigoth the Cutter (Demonspawn Gladiator)           Turns: 781, Time: 00:02:13

Health: 0/22       AC:  1    Str: 14    XL:     2   Next: 41%
Magic:  2/2        EV: 12    Int:  9    God:
Gold:   27         SH:  0    Dex: 14    Spells: 1/1 levels left

rFire   . . .      SeeInvis .   a - +0 rapier
rCold   . . .      Faith    .   (no shield)
rNeg    . . .      Spirit   .   (no body armour)
rPois   .          Reflect  .   c - +0 helmet
rElec   .          Harm     .   (no cloak)
rCorr   .          Rampage  .   (no gloves)
Will    .....                   (no boots)
Stlth   +.........              (no amulet)
HPRegen 0.07/turn               (no ring)
MPRegen 0.08/turn               (no ring)

@: hasted, very quick
A: claws 1
a: no special abilities


You were on level 1 of the Dungeon.
You visited 1 branch of the dungeon, and saw 2 of its levels.

You collected 27 gold pieces.

Inventory:

Hand Weapons
 a - a +0 rapier (weapon)
Missiles
 d - 3 throwing nets (quivered)
 e - a javelin
Armour
 b - a +0 leather armour
 c - a +0 helmet (worn)
 h - a +0 ring mail
Scrolls
 f - a scroll of brand weapon {unknown}
 j - a scroll of vulnerability {unknown}
 k - a scroll of poison {unknown}
Potions
 g - a potion of haste
 i - a potion of heal wounds {unknown}


   Skills:
 - Level 2.0 Fighting
 - Level 3.2 Short Blades
 - Level 1.7 Throwing
 + Level 2.7 Dodging
 * Level 0.7 Unarmed Combat


You had one spell level left.
You didn't know any spells.
Your spell library was empty.

Dungeon Overview and Level Annotations

Branches:
Dungeon (2/15)

Altars:


Innate Abilities, Weirdness & Mutations

You have sharp fingernails.


Message History

The rat bites you but does no damage.
The bat moves out of view.
You closely miss the hobgoblin. The hobgoblin misses you.
The rat closely misses you.
You hit the hobgoblin but do no damage. The rat misses you.
The hobgoblin hits you.
You closely miss the hobgoblin. The hobgoblin closely misses you.
The rat barely misses you. The hobgoblin attacks as you move away!
The hobgoblin barely misses you. The rat closely misses you.
The rat attacks as you move away! The rat misses you.
You hit the hobgoblin.
The hobgoblin is severely wounded.
The rat barely misses you. The hobgoblin closely misses you.
You hit the hobgoblin.
The hobgoblin is almost dead.
The giant cockroach bites you. The rat bites you.
You barely miss the hobgoblin.
The hobgoblin is almost dead.
The giant cockroach closely misses you. The hobgoblin closely misses you.
The rat bites you.
You closely miss the hobgoblin.
The hobgoblin is almost dead.
The giant cockroach bites you. The goblin hits you with a +0 mace.
The hobgoblin closely misses you. The rat bites you but does no damage.
The giant cockroach misses you.
The giant cockroach attacks as you move away!
The giant cockroach misses you. The rat attacks as you move away!
The rat misses you. The hobgoblin misses you.
The giant cockroach attacks as you move away!
The giant cockroach closely misses you. The hobgoblin attacks as you move away!
The hobgoblin misses you. The goblin barely misses you.
The goblin attacks as you move away! The goblin hits you but does no damage.
You are too injured to fight recklessly!
You are too injured to fight recklessly!
You closely miss the goblin. The goblin hits you with a +0 mace.
* * * LOW HITPOINT WARNING * * *
It was a potion of haste.
You feel yourself speed up. The goblin hits you with a +0 mace.
You die...

#.# #.#.# #..###.# #.# #.#
#†#.# #..# #.# #.# #.# #.#.#
#..###.##########.# #.#
#...#####......#..........#
#.#
###.......##.###..#####+#####
#.# ##########.#
##.#.........# #.#
#.#.........# ##########.#
#.#..⌠...⌠..# .........#@#
#.#.....)...# ## #.†..#g#
#.'....<....+ ##..##.r.bg#
###.........# #.......####
#..⌠...⌠..# #..##..##
#.........# # ##.#
#.........# #.# #####+#####
#.# #.# #. ..## #.# #.# #.


You could see a hobgoblin, a goblin and a bat.

Vanquished Creatures
  A dart slug (D:1)
  2 goblins (D:1)
  2 hobgoblins (D:1)
  A quokka (D:1)
  4 ball pythons (D:1)
  A frilled lizard (D:1)
  2 kobolds (D:1)
  2 rats (D:1)
15 creatures vanquished.

Notes
Turn   | Place    | Note
-------+----------+-------------------------------------------
     0 | D:1      | virigoth the Demonspawn Gladiator began the quest for the
                  | Orb.
     0 | D:1      | Reached XP level 1. HP: 16/16 MP: 1/1
   215 | D:1      | Reached skill level 3 in Short Blades
   381 | D:1      | Gained mutation: You have sharp fingernails. [demonic
                  | ancestry]
   381 | D:1      | Reached XP level 2. HP: 14/22 MP: 2/2
   781 | D:1      | Slain by a goblin

Illustrated notes

Levels and vault maps discovered:
D:1:      mushboom_english_gardens, layout_loops_ring, minmay_crystal_water,
          minmay_close_crescents
D:2:      layout_loops_ring, eino_tiny_chamber

Skill      XL: |  1 |
---------------+----+-----
Short Blades   | 3 |  3.2
Fighting       | |  2.0
Throwing       | |  1.7
Dodging        | |  2.7
Unarmed Combat | |  0.7

Action                   || total
-------------------------++-------
Melee: Rapier            ||    49
       Punch             ||     1
  Use: Potion            ||     1
 Stab: Sleeping          ||     1
Armor: Leather armour    ||     4
       Skin              ||     3
Dodge: Dodged            ||    48
